 Dungeon Crawl Stone Soup version 0.21.1-1-g345015fe64 (webtiles) character file.

707 HooM the Shield-Bearer (level 7, -5/61 HPs)
             Began as a Hill Orc Fighter on Mar 11, 2018.
             Was a Believer of Beogh.
             Killed by divine providence
             ... invoked by an orc priest
              (8 damage)
             ... on level 4 of the Dungeon.
             The game lasted 00:34:11 (6035 turns).

HooM the Shield-Bearer (Hill Orc Fighter)           Turns: 6035, Time: 00:34:12

Health: -5/61      AC:  9    Str: 21    XL:     7   Next: 67%
Magic:  16/16      EV:  6    Int:  8    God:    Beogh [**....]
Gold:   141        SH: 10    Dex: 10    Spells: 6/6 levels left

rFire    . . .     SeeInvis +   a - +0 long sword
rCold    . . .     Gourm    .   v - +0 shield
rNeg     . . .     Faith    .   i - +0 chain mail
rPois    .         Spirit   .   (no helmet)
rElec    .         Reflect  .   (no cloak)
rCorr    .         Harm     .   (no gloves)
MR       .....                  (no boots)
Stlth    ..........             (no amulet)
HPRegen  0.20/turn              e - ring of magical power
MPRegen  0.15/turn              p - ring of see invisible

@: about to teleport
A: no striking features
a: Smiting, Renounce Religion


You were on level 4 of the Dungeon.
You worshipped Beogh.
Beogh was pleased with you.
You were not hungry.

You visited 1 branch of the dungeon, and saw 4 of its levels.

You collected 141 gold pieces.

Inventory:

Hand Weapons
 a - a +0 long sword (weapon)
Missiles
 m - 98 stones (quivered)
 n - 30 sling bullets
Armour
 i - a +0 chain mail (worn)
 v - a +0 shield (worn)
Jewellery
 e - a ring of magical power (left hand)
 p - a ring of see invisible (right hand)
Scrolls
 j - a scroll of blinking
 k - a scroll of fog
 l - a scroll of magic mapping
 q - a scroll of remove curse {unknown}
 s - a scroll of teleportation
 t - a scroll of immolation {unknown}
 w - a scroll of enchant armour {unknown}
Potions
 b - 3 potions of curing
 c - a potion of lignification {unknown}
 d - a potion of might
 g - 2 potions of heal wounds
 h - 3 potions of haste
 o - a potion of ambrosia {unknown}
 r - a potion of cancellation {unknown}
 x - a potion of flight {unknown}
 z - 2 potions of invisibility {unknown}
Comestibles
 f - 8 rations
 u - a chunk of flesh


   Skills:
 + Level 5.2 Fighting
 + Level 4.8 Long Blades
 + Level 5.3 Armour
 + Level 1.3 Dodging
 + Level 0.7 Stealth
 + Level 5.8 Shields


You had 6 spell levels left.
You didn't know any spells.

Dungeon Overview and Level Annotations

Branches:
Dungeon (4/15)
 Temple: D:4-7

Altars:
Ashenzari
Cheibriados
Gozag
Okawaru
Ru
Zin


Message History

The orc priest looks encouraged for a moment.
You block the orc's attack.
Your shield and chain mail prevent you from hitting the orc.
The orc hits you with a trident.
* * * LOW HITPOINT WARNING * * *
You feel better. You block the orc's attack.
You hit the orc but do no damage. The orc hits you but does no damage.
You barely miss the orc.
The orc priest calls down the wrath of Beogh upon you.
Beogh smites you!
* * * LOW HITPOINT WARNING * * *
The orc hits you but does no damage.
As you read the scroll of teleportation, it crumbles to dust.
You feel strangely unstable. The orc barely misses you.
The orc hits you from afar with a trident.
* * * LOW HITPOINT WARNING * * *
The orc priest invokes the aid of Beogh against you.
Beogh smites you!
You die...
Beogh appreciates the orc priest's killing of a heretic priest.

##.####### #........
#######.######.# ..
.. #..............#
o##.# ####
#.#####.######.##o.o.
.... #)# #.....# ####
#.# #.#o..#
#.######.....###.
#..@)oo#..#......
###.####.#.....#.##
#..[...............
#.#............#.#
#...#####........#
##.## #........# #.#
##......###### #.#
##.#.......... #.#
#..###########


You could see an orc priest and an orc.

Vanquished Creatures
  Grinder (D:3)
  An ogre (D:4)
  A scorpion (D:4)
  An orc priest (D:4)
  An iguana (D:4)
  3 orc wizards (D:4)
  4 worker ants (D:4)
  3 adders
  A shadow imp (D:3)
  An adder skeleton (D:4)
  4 worms
  A dart slug (D:2)
  5 leopard geckos
  13 orcs
  2 ball pythons
  4 giant cockroaches
  5 goblins
  12 hobgoblins
  6 jackals
  9 kobolds
  10 bats
  3 frilled lizards
  7 rats
98 creatures vanquished.

Vanquished Creatures (others)
  2 orcs (D:2)
2 creatures vanquished.

Grand Total: 100 creatures vanquished

Notes
Turn   | Place    | Note
-------+----------+-------------------------------------------
     0 | D:1      | HooM the Hill Orc Fighter began the quest for the Orb.
     0 | D:1      | Reached XP level 1. HP: 19/19 MP: 1/1
   894 | D:1      | Reached XP level 2. HP: 25/27 MP: 2/2
  2056 | D:1      | Reached skill level 1 in Dodging
  2056 | D:1      | Reached XP level 3. HP: 14/33 MP: 3/3
  2490 | D:2      | Found an opulent altar of Gozag.
  2503 | D:2      | Became a worshipper of Beogh the Brigand
  2619 | D:2      | Reached XP level 4. HP: 20/40 MP: 4/4
  3852 | D:3      | Noticed Grinder
  3852 | D:3      | Found a faded altar of an unknown god.
  3855 | D:3      | Paralysed by Grinder for 5 turns
  4166 | D:3      | Paralysed by Grinder for 4 turns
  4170 | D:3      | Killed Grinder
  4170 | D:3      | Reached XP level 5. HP: 3/47 MP: 5/5
  4170 | D:3      | Reached XP level 6. HP: 4/53 MP: 6/6
  4277 | D:3      | Reached * piety under Beogh
  4373 | D:3      | Found an iron altar of Okawaru.
  4598 | D:3      | Found a shattered altar of Ashenzari.
  4874 | D:3      | Found a sacrificial altar of Ru.
  4926 | D:3      | Found a snail-covered altar of Cheibriados.
  5094 | D:4      | Reached skill level 5 in Shields
  5455 | D:4      | Reached skill level 5 in Armour
  5477 | D:4      | Reached XP level 7. HP: 59/60 MP: 7/7
  5528 | D:4      | Reached ** piety under Beogh
  5755 | D:4      | Found a glowing silver altar of Zin.
  5867 | D:4      | Reached skill level 5 in Fighting
  6035 | D:4      | HP: 3/61 [orc/trident (2)]
  6035 | D:4      | Killed from afar by an orc priest

Skill      XL: |  1  2  3  4  5  6  7 |
---------------+----------------------+-----
Dodging        | 1 |  1.3
Shields        | 4 5 |  5.8
Fighting       | 4 5 |  5.2
Long Blades    | 3 4 |  4.8
Armour         | 4 5 |  5.3
Stealth        | |  0.7

Action                   |  1- 3 |  4- 6 |  7- 9 || total
-------------------------+-------+-------+-------++-------
Melee: Long sword        |    76 |   199 |    98 ||   373
Throw: Stone             |       |     5 |       ||     5
Invok: Convert to Beogh  |     1 |       |       ||     1
  Use: Scroll            |       |     8 |     2 ||    10
       Potion            |       |       |     1 ||     1
  Eat: Chunk             |     5 |     9 |     3 ||    17
Armor: Scale mail        |    83 |       |       ||    83
       Chain mail        |   191 |   258 |    35 ||   484
Dodge: Dodged            |   150 |   107 |    20 ||   277
Block: Shield            |   328 |   299 |    39 ||   666
       Rpst.: Long sword |    53 |    28 |     2 ||    83
